 Dungeon Crawl Stone Soup version 0.30.1-11-g7821555f0a (webtiles) character file.

Game seed: 14154442361954916440

1247 porpoise the Skirmisher (level 8, -3/73 HPs)
             Began as a Minotaur Hunter on Dec 31, 2023.
             Slain by an orc warrior
             ... wielding a +0 long sword
              (7 damage)
             ... on level 6 of the Dungeon.
             The game lasted 00:11:46 (5186 turns).

porpoise the Skirmisher (Minotaur Hunter)           Turns: 5186, Time: 00:11:47

Health: -3/73      AC: 11    Str: 16    XL:     8   Next: 25%
Magic:  7/7        EV: 10    Int:  6    God:
Gold:   290        SH:  0    Dex: 16    Spells: 7/7 levels left

rFire   . . .        b - +2 short sword (venom)
rCold   . . .        (no shield)
rNeg    . . .        z - +2 scale mail {rPois}
rPois   +            (helmet restricted)
rElec   .            (no cloak)
rCorr   +            y - +0 pair of gloves
SInv    +            t - +0 pair of boots
Will    .....        (no amulet) Stlth
                     e - ring of resist corrosion
HPRegen 0.32/turn    g - ring of see invisible
MPRegen 0.10/turn

%: no passive effects
@: confused
A: horns 2, retaliatory headbutt
a: no special abilities


You were on level 6 of the Dungeon.
You visited 1 branch of the dungeon, and saw 6 of its levels.

You collected 290 gold pieces.

Inventory:

Hand Weapons
 a - a +0 shortbow
 b - a +2 short sword of venom (weapon)
 i - a +0 mace
 F - a +2 heavy hand axe
Missiles
 n - 10 poisoned darts
 u - 4 boomerangs
Armour
 t - a +0 pair of boots (worn)
 y - a +0 pair of gloves (worn)
 z - a +2 scale mail of poison resistance (worn)
Jewellery
 e - a ring of resist corrosion (left hand)
 g - a ring of see invisible (right hand)
 p - an amulet of magic regeneration
 q - a ring of magical power
Wands
 j - a wand of polymorph (8)
Scrolls
 c - a scroll of teleportation {unknown}
 f - a scroll of enchant weapon {unknown}
 k - a scroll of vulnerability
 r - a scroll of torment {unknown}
 w - a scroll of magic mapping {unknown}
 C - a scroll of fear {unknown}
 D - a scroll of noise {unknown}
 E - 2 scrolls of immolation
 G - a scroll of fog {unknown}
Potions
 d - 4 potions of attraction {unknown}
 h - 2 potions of magic {unknown}
 l - a potion of invisibility
 m - 5 potions of curing
 o - a potion of resistance {unknown}
 s - a potion of berserk rage {unknown}
 v - 3 potions of heal wounds
 x - 2 potions of haste {unknown}
 A - a potion of mutation {unknown}
 B - a potion of degeneration {unknown}


   Skills:
 + Level 7.2 Fighting
 + Level 9.0 Ranged Weapons
 + Level 4.3 Armour
 - Level 2.1 Dodging
 - Level 0.7 Stealth


You had 7 spell levels left.
You didn't know any spells.
Your spell library contained the following spells:

 Spells                   Type           Power      Damage    Failure   Level
 Sublimation of Blood     Necr           0%         N/A       95%         2
 Animate Dead             Necr           0%         N/A       100%        4
 Petrify                  Tmut/Erth      0%         N/A       100%        4
 Irradiate                Conj/Tmut      0%         3d11      100%        5
 Haunt                    Necr/Summ      0%         N/A       100%        7
 Infestation              Necr           0%         N/A       100%        8


Dungeon Overview and Level Annotations

Branches:
Dungeon (6/15)
 Temple: D:4-7

Altars:
Dithmenos
Nemelex Xobeh
Vehumet
The Shining One

Annotations:
D:3 2 transporters, kelmen2's ghost, weakling MiBe


Innate Abilities, Weirdness & Mutations

You have a pair of horns on your head.
You reflexively headbutt those who attack you in melee.


Message History

You shoot an arrow. The arrow hits the orc wizard!
The orc wizard is almost dead.
The orc warrior hits you with a +0 long sword.
The orc wizard gestures at you while chanting.
You are confused.
You miss the orc wizard. Your headbutt misses the orc wizard.
The orc wizard is almost dead.
The orc warrior hits you but does no damage.
The orc wizard hits you but does no damage.
You bump into the rock wall.
The orc warrior hits you with a +0 long sword.
The orc wizard closely misses you.
Your +2 short sword of venom begins to drip with poison!
b - a +2 short sword of venom (weapon)
The orc warrior hits you with a +0 long sword.
The orc wizard gestures at you while chanting.
You are more confused.
Your +2 short sword of venom stops dripping with poison.
a - a +0 shortbow (weapon)
Your +2 short sword of venom begins to drip with poison!
b - a +2 short sword of venom (weapon)
The orc wizard hits you but does no damage.
The orc warrior hits you with a +0 long sword!
* * * LOW HITPOINT WARNING * * *
You bump into the rock wall.
The orc warrior hits you with a +0 long sword.
* * * LOW HITPOINT WARNING * * *
The orc wizard gestures at you while chanting.
You resist with some effort.
You bump into the rock wall.
The orc warrior barely misses you.
The orc wizard hits you with a +0 dagger.
* * * LOW HITPOINT WARNING * * *
You hit the orc warrior.
The orc warrior is severely wounded.
The orc wizard hits you but does no damage.
The orc warrior hits you with a +0 long sword!
* * * LOW HITPOINT WARNING * * *
You bump into the rock wall.
The orc warrior hits you with a +0 long sword!
You die...

##..........##.##.......#.
#....................#.##
#..............#.......##
#####.............###....
#................##.##
..#.....##.....#......
#.....##..........).
###o####...........# #.o@#
#.....####### ......)###
#.....# ..(.... #.....#
....... ####### .......
....... ....... .......


You could see an orc warrior and an orc wizard (invisible).

Vanquished Creatures
  Grinder (D:4)
  Duvessa (D:5)
  2 black bears
  An ice beast (D:6)
  An ogre (D:6)
  A scorpion (D:6)
  Dowan (D:5)
  A hound (D:5)
  A jelly (D:4)
  6 iguanas
  A sleepcap (D:5)
  An orc wizard (D:6)
  3 gnolls (D:3)
  10 adders
  A shadow imp (D:6)
  A white imp (D:6)
  2 ufetubi
  A worm (D:4)
  4 dart slugs
  8 orcs
  4 ball pythons
  6 endoplasms
  A giant cockroach (D:1)
  5 hobgoblins
  3 jackals (D:3)
  7 kobolds
  3 quokkas
  3 bats
  5 goblins
  6 rats
91 creatures vanquished.

Notes
Turn   | Place    | Note
-------+----------+-------------------------------------------
     0 | D:1      | porpoise the Minotaur Hunter began the quest for the Orb.
     0 | D:1      | Reached XP level 1. HP: 18/18 MP: 0/0
     1 | D:1      | Found a sparkling altar of Nemelex Xobeh.
   358 | D:1      | Reached XP level 2. HP: 25/25 MP: 1/1
   727 | D:1      | Reached skill level 5 in Ranged Weapons
  1052 | D:2      | Found a shadowy altar of Dithmenos.
  1152 | D:2      | Reached XP level 3. HP: 31/31 MP: 2/2
  1587 | D:2      | Reached XP level 4. HP: 38/38 MP: 3/3
  1736 | D:3      | Found a radiant altar of Vehumet.
  1815 | D:3      | Reached skill level 6 in Ranged Weapons
  2101 | D:3      | Reached XP level 5. HP: 40/46 MP: 4/4
  2146 | D:3      | Found a transporter.
  2148 | D:3      | Noticed kelmen2's ghost (weakling MiBe)
  2149 | D:3      | Noticed an ogre
  2165 | D:3      | Noticed an ogre
  2286 | D:3      | Found a transporter.
  2364 | D:4      | Noticed Grinder
  2371 | D:4      | Paralysed by Grinder for 3 turns
  2395 | D:4      | Killed Grinder
  2396 | D:4      | Reached skill level 5 in Fighting
  2396 | D:4      | Reached skill level 7 in Ranged Weapons
  2396 | D:4      | Reached XP level 6. HP: 16/56 MP: 5/5
  3238 | D:4      | Found a glowing golden altar of the Shining One.
  3485 | D:5      | Entered Level 5 of the Dungeon
  3887 | D:5      | Reached skill level 8 in Ranged Weapons
  3887 | D:5      | Reached XP level 7. HP: 61/61 MP: 6/6
  3888 | D:5      | Noticed Dowan
  3890 | D:5      | Noticed Duvessa
  3920 | D:5      | Killed Dowan
  3921 | D:5      | Reached skill level 1 in Armour
  3924 | D:5      | Killed Duvessa
  4646 | D:6      | Reached XP level 8. HP: 71/71 MP: 7/7
  4998 | D:6      | Reached skill level 9 in Ranged Weapons
  5186 | D:6      | Slain by an orc warrior

Illustrated notes

Levels and vault maps discovered:
D:1:      sevenhm_arrival_forest_fort_small_6, layout_basic
D:2:      layout_basic, basic_altar
D:3:      layout_loops_cross, pf_just_have_faith, gammafunk_ghost_smash
D:4:      minmay_angry_zag, layout_basic, lemuel_round_altar,
          kennysheep_decorative_pillar, grunt_ministairs_8, uniq_grinder
D:5:      layout_basic, uniq_duvessa
D:6:      layout_rooms, nicolae_yredelemnul_corpse_copse

Skill      XL: |  1  2  3  4  5  6  7  8 |
---------------+-------------------------+-----
Ranged Weapons | 5 6 7 8 9 |  9.0
Fighting       | 3 4 5 6 7 |  7.2
Armour         | 3 4 |  4.3
Dodging        | |  2.1
Stealth        | |  0.7

Action                     |  1- 3 |  4- 6 |  7- 9 || total
---------------------------+-------+-------+-------++-------
  Melee: Unarmed           |       |       |    13 ||    13
         Mace              |       |       |     5 ||     5
         Short sword       |       |       |     4 ||     4
         Headbutt          |       |       |     4 ||     4
         Shortbow          |       |       |     1 ||     1
   Fire: Shortbow          |    92 |   145 |   103 ||   340
    Use: Scroll            |       |     4 |       ||     4
         Potion            |       |       |     1 ||     1
   Stab: Confused          |       |       |     1 ||     1
 Armour: Ring mail         |    14 |    16 |       ||    30
         Scale mail        |       |     5 |    63 ||    68
         Skin              |       |       |     3 ||     3
  Dodge: Dodged            |    18 |    49 |    64 ||   131
